Oilers vs Sharks

Created - October-15-14 at 18:10

Goals
1 2 3 T
Oilers 1 1 0 2
Sharks 1 1 1 3
Shots
1 2 3 T
Oilers 18 10 11 39
Sharks 9 17 13 39

1st period

1. Sharks , Andrew Shaw 1 (Tyler Bozak, Michael Kostka) at 1:47
2. Oilers , Jake Muzzin 1 (Dainius Zubrus, Ben Scrivens) at 7:30 (PP)

Penalties :
Michael Kostka (SJS) for Hooking (Minor) at 6:15

2nd period

3. Oilers , Dennis Wideman 1 (Jake Muzzin) at 12:37
4. Sharks , Matt Niskanen 2 (Andrew Shaw) at 19:47 (PP)

Penalties :
Martin Marincin (EDM) for Tripping (Minor) at 1:11, Michael Kostka (SJS) for Roughing (Minor) at 13:21, Marc Methot (EDM) for Holding (Minor) at 19:19

3rd period

5. Sharks , Kyle Quincey 1 (Kyle Turris, Jannik Hansen) at 13:54

Penalties :
Charlie Coyle (EDM) for Boarding (Minor) at 3:33, Matt Niskanen (SJS) for Holding (Minor) at 14:31, Marc Methot (EDM) for Hooking (Minor) at 17:08

Goalie Stats

Ben Scrivens (EDM), 36 saves from 39 shots - (0.923), L, 0-1-0, 59:43 minutes
Jonas Hiller (SJS), 37 saves from 39 shots - (0.949), W, 1-0-2, 60:00 minutes

Players Stats for Oilers

Player Name              G  A  P  +/- PIM S  H  SB GA TA FO     MP     PP MP  PK MP  
------------------------------------------------------------------------------------
Aleksander Barkov        0  0  0  -1  0   3  0  0  0  0  5/18   15:40   0:00   0:32 
Brian Campbell           0  0  0  -1  0   1  0  5  0  0  0/0    27:01   3:04   2:56 
Brooks Laich             0  0  0   1  0   3  2  0  0  0  0/2    18:49   2:51   2:03 
Charlie Coyle            0  0  0   1  2   2  4  0  0  0  0/0    16:45   2:51   0:00 
Colin McDonald           0  0  0  -1  0   0  0  0  0  0  0/0     4:56   0:00   0:00 
Dainius Zubrus           0  1  1   1  0   2  0  0  0  0  10/25  16:46   2:51   0:00 
Dennis Wideman           1  0  1   0  0   3  0  0  0  0  0/0    18:11   2:09   3:29 
Drew Miller              0  0  0  -1  0   0  2  0  0  0  1/1    16:51   0:00   1:57 
Emerson Etem             0  0  0   0  0   0  0  0  0  0  0/0     0:00   0:00   0:00 
Jake Muzzin              1  1  2   0  0   5  1  0  0  0  0/0    18:37   2:09   3:55 
Marc Methot              0  0  0  -1  4   1  3  1  0  0  0/0    25:45   3:04   1:42 
Martin Marincin          0  0  0   0  2   2  2  0  0  0  0/0    15:35   0:00   0:48 
Mats Zuccarello          0  0  0   0  0   5  2  0  0  0  1/1    20:58   2:22   4:13 
Mikkel Boedker           0  0  0   0  0   5  3  0  0  0  0/0    16:59   2:22   0:00 
Nikita Kucherov          0  0  0  -1  0   0  0  0  0  0  1/1     4:56   0:00   0:00 
Nikolai Kulemin          0  0  0  -1  0   1  3  0  0  0  0/1    14:54   0:00   0:00 
Olli Maatta              0  0  0   0  0   1  0  0  0  0  0/0    14:48   0:00   0:00 
Travis Zajac             0  0  0  -1  0   5  0  0  0  0  15/38  26:00   2:22   4:05 

Players Stats for Sharks

Player Name              G  A  P  +/- PIM S  H  SB GA TA FO     MP     PP MP  PK MP  
------------------------------------------------------------------------------------
Andrew Shaw              1  1  2   1  0   5  2  0  0  0  9/11   23:39   3:04   0:11 
Chris Butler             0  0  0   0  0   1  0  1  0  0  0/0     3:59   0:00   0:00 
Cory Sarich              0  0  0   1  0   0  1  0  0  0  0/0    10:28   0:00   0:00 
Drew Stafford            0  0  0   0  0   4  0  0  0  0  1/1    16:11   3:50   0:00 
Jannik Hansen            0  1  1   0  0   0  0  0  0  0  6/11   21:06   3:50   4:10 
Jordan Leopold           0  0  0   0  0   1  1  1  0  0  0/0    20:46   3:23   2:35 
Justin Falk              0  0  0   0  0   0  1  1  0  0  0/0     5:43   0:00   1:44 
Kyle Quincey             1  0  1   1  0   2  1  1  0  0  0/0    14:01   0:00   3:33 
Kyle Turris              0  1  1   0  0   5  0  1  0  0  12/20  18:01   3:21   0:00 
Martin Havlat            0  0  0   1  0   3  0  1  0  0  1/2    22:48   2:24   0:00 
Matt Beleskey            0  0  0   0  0   3  3  0  0  0  0/0    15:37   0:00   0:00 
Matt Niskanen            1  0  1   0  2   3  0  1  0  0  0/0    24:16   3:02   2:08 
Michael Kostka           0  1  1   0  4   3  0  3  0  0  0/0    17:57   3:23   0:26 
Rich Peverley            0  0  0   0  0   1  0  0  0  0  9/17   14:21   0:11   0:52 
Rob Klinkhammer          0  0  0   0  0   0  0  1  0  0  2/5    15:02   0:00   0:52 
Tyler Bozak              0  1  1   1  0   6  1  0  0  0  14/20  20:40   2:35   4:21 
Viktor Stalberg          0  0  0   0  0   0  0  0  0  0  0/0     7:22   0:00   0:00 
Vyacheslav Voynov        0  0  0   0  0   2  3  4  0  0  0/0    22:47   3:02   0:00 

3 Stars

1 - Andrew Shaw (SJS)
2 - Jake Muzzin (EDM)
3 - Jonas Hiller (SJS)

Power Play

Oilers - 1 on 3 Attempt(s) - 33.33%
Sharks - 1 on 4 Attempt(s) - 25.00%

Penalty Kill

Oilers - 3 on 4 Attempt(s) - 75.00% - Score 0 goal in Penalty Kill
Sharks - 2 on 3 Attempt(s) - 66.67% - Score 0 goal in Penalty Kill

Official

Referees : Steve Kozari and Kelly Sutherland
Linesman : Derek Amell and Scott Cherrey

Game Notes

No Game Note

Finance

Level 1 -- Attendance: 6500 (100.00%) -- Ticket Income $650,000
Level 2 -- Attendance: 5000 (100.00%) -- Ticket Income $300,000
Level 3 -- Attendance: 3500 (100.00%) -- Ticket Income $122,500
Level 4 -- Attendance: 1496 (100.00%) -- Ticket Income $29,920
Luxury Box -- Attendance: 955 (95.50%) -- Ticket Income $191,000
Game was played at the SAP center
Total Attendance: 17451 (99.74%)
Total Ticket Income: $1,293,420
Other Income: $194,013
Total Income: $1,487,433

% Time on Ice - Oilers

Lines # - Real PCT - Wanted PCT - Time Play
Normal Forward
1 - 29% - 35% - 13:45
2 - 29% - 35% - 13:55
3 - 31% - 20% - 14:54
4 - 10% - 10% - 4:56
Normal Defense
1 - 39% - 40% - 18:42
2 - 26% - 30% - 12:33
3 - 31% - 20% - 14:48
4 - 3% - 10% - 1:27
PP Forward
1 - 45% - 50% - 2:22
2 - 55% - 50% - 2:51
PP Defense
1 - 59% - 60% - 3:04
2 - 41% - 40% - 2:09
PK Forward
1 - 72% - 60% - 4:37
2 - 28% - 40% - 1:48
PK Defense
1 - 46% - 50% - 2:56
2 - 54% - 50% - 3:29
PK3 Forward
1 - 0% - 60%
2 - 0% - 40%
PK3 Defense
1 - 0% - 60%
2 - 0% - 40%
44 Forward
1 - 0% - 60%
2 - 0% - 40%
44 Defense
1 - 0% - 60%
2 - 0% - 40%
Last Minute Offensive  - 0:52
Last Minute Defensive  - 0:00
Total
Forward - 60:00
Defense - 60:00

% Time on Ice - Sharks

Lines # - Real PCT - Wanted PCT - Time Play
Normal Forward
1 - 27% - 33% - 13:02
2 - 29% - 30% - 13:48
3 - 28% - 20% - 13:18
4 - 16% - 17% - 7:22
Normal Defense
1 - 40% - 45% - 18:53
2 - 30% - 35% - 14:10
3 - 22% - 20% - 10:28
4 - 8% - 0% - 3:59
PP Forward
1 - 40% - 60% - 2:35
2 - 60% - 40% - 3:50
PP Defense
1 - 47% - 60% - 3:02
2 - 53% - 40% - 3:23
PK Forward
1 - 83% - 60% - 4:21
2 - 17% - 40% - 0:52
PK Defense
1 - 68% - 60% - 3:33
2 - 32% - 40% - 1:40
PK3 Forward
1 - 0% - 60%
2 - 0% - 40%
PK3 Defense
1 - 0% - 60%
2 - 0% - 40%
44 Forward
1 - 0% - 60%
2 - 0% - 40%
44 Defense
1 - 0% - 60%
2 - 0% - 40%
Last Minute Offensive  - 0:00
Last Minute Defensive  - 0:52
Total
Forward - 60:00
Defense - 60:00

Play by Play

1st period


0:01 of 1st period - Travis Zajac wins face-off versus Martin Havlat in neutral zone.
0:12 of 1st period - Shot by Travis Zajac.
0:12 of 1st period - Stopped by Jonas Hiller without a rebound.
0:13 of 1st period - Kyle Turris wins face-off versus Dainius Zubrus in Sharks zone.
0:48 of 1st period - Shot by Kyle Turris.
0:48 of 1st period - Stopped by Ben Scrivens without a rebound.
0:49 of 1st period - Aleksander Barkov wins face-off versus Rich Peverley in Oilers zone.
0:56 of 1st period - Rich Peverley is hit by Drew Miller and loses puck.
1:13 of 1st period - Shot by Drew Stafford.
1:13 of 1st period - Stopped by Ben Scrivens without a rebound.
1:14 of 1st period - Andrew Shaw wins face-off versus Travis Zajac in Oilers zone.
1:35 of 1st period - Shot by Andrew Shaw.
1:35 of 1st period - Shot Blocked by Brian Campbell.
1:37 of 1st period - Shot by Matt Niskanen.
1:37 of 1st period - Stopped by Ben Scrivens without a rebound.
1:38 of 1st period - Rob Klinkhammer wins face-off versus Dainius Zubrus in Oilers zone.
1:39 of 1st period - Shot by Drew Stafford.
1:39 of 1st period - Stopped by Ben Scrivens without a rebound.
1:40 of 1st period - Tyler Bozak wins face-off versus Travis Zajac in Oilers zone.
1:45 of 1st period - Shot by Tyler Bozak.
1:45 of 1st period - Shot Blocked by Marc Methot.
1:47 of 1st period - Shot by Andrew Shaw.
1:47 of 1st period - Goal by Andrew Shaw - Oilers : 0 - Sharks : 1.
1:48 of 1st period - Tyler Bozak wins face-off versus Travis Zajac in neutral zone.
1:59 of 1st period - Shot by Andrew Shaw.
1:59 of 1st period - Shot Misses the Net.
2:23 of 1st period - Shot by Travis Zajac.
2:23 of 1st period - Stopped by Jonas Hiller with a rebound.
3:15 of 1st period - Shot by Charlie Coyle.
3:15 of 1st period - Stopped by Jonas Hiller without a rebound.
3:16 of 1st period - Aleksander Barkov wins face-off versus Rob Klinkhammer in Sharks zone.
3:30 of 1st period - Drew Miller is hit by Cory Sarich and loses puck.
3:46 of 1st period - Icing by Cory Sarich.
3:47 of 1st period - Rich Peverley wins face-off versus Dainius Zubrus in Sharks zone.
4:20 of 1st period - Shot by Charlie Coyle.
4:20 of 1st period - Shot Blocked by Rob Klinkhammer.
4:22 of 1st period - Shot by Brooks Laich.
4:22 of 1st period - Shot Misses the Net.
4:24 of 1st period - Shot by Brooks Laich.
4:24 of 1st period - Stopped by Jonas Hiller with a rebound.
5:03 of 1st period - Icing by Matt Niskanen.
5:04 of 1st period - Aleksander Barkov wins face-off versus Tyler Bozak in Sharks zone.
5:38 of 1st period - Shot by Aleksander Barkov.
5:38 of 1st period - Shot Misses the Net.
6:15 of 1st period - Minor Penalty to Michael Kostka for Hooking.
6:16 of 1st period - Dainius Zubrus wins face-off versus Jannik Hansen in Sharks zone.
6:17 of 1st period - Shot by Dennis Wideman.
6:17 of 1st period - Shot Misses the Net.
6:19 of 1st period - Shot by Brooks Laich.
6:19 of 1st period - Stopped by Jonas Hiller with a rebound.
6:21 of 1st period - Shot by Dennis Wideman.
6:21 of 1st period - Stopped by Jonas Hiller with a rebound.
6:23 of 1st period - Shot by Jake Muzzin.
6:23 of 1st period - Stopped by Jonas Hiller without a rebound.
6:24 of 1st period - Travis Zajac wins face-off versus Jannik Hansen in Sharks zone.
6:29 of 1st period - Shot by Brian Campbell.
6:29 of 1st period - Shot Misses the Net.
6:31 of 1st period - Shot by Brian Campbell.
6:31 of 1st period - Shot Misses the Net.
6:34 of 1st period - Mats Zuccarello is hit by Justin Falk.
6:48 of 1st period - Shot by Mikkel Boedker.
6:48 of 1st period - Shot Misses the Net.
7:30 of 1st period - Shot by Jake Muzzin.
7:30 of 1st period - Goal by Jake Muzzin - Oilers : 1 - Sharks : 1.
7:31 of 1st period - Andrew Shaw wins face-off versus Aleksander Barkov in neutral zone.
8:05 of 1st period - Shot by Martin Marincin.
8:05 of 1st period - Shot Misses the Net.
8:07 of 1st period - Shot by Olli Maatta.
8:07 of 1st period - Shot Blocked by Vyacheslav Voynov.
8:09 of 1st period - Shot by Olli Maatta.
8:09 of 1st period - Shot Blocked by Vyacheslav Voynov.
8:11 of 1st period - Shot by Olli Maatta.
8:11 of 1st period - Shot Blocked by Matt Niskanen.
8:13 of 1st period - Shot by Nikolai Kulemin.
8:13 of 1st period - Shot Misses the Net.
8:20 of 1st period - Icing by Vyacheslav Voynov.
8:21 of 1st period - Andrew Shaw wins face-off versus Travis Zajac in Sharks zone.
8:21 of 1st period - Andrew Shaw is hit by Mats Zuccarello.
8:42 of 1st period - Mats Zuccarello is hit by Jordan Leopold and loses puck.
8:53 of 1st period - Shot by Mats Zuccarello.
8:53 of 1st period - Stopped by Jonas Hiller without a rebound.
8:54 of 1st period - Dainius Zubrus wins face-off versus Rob Klinkhammer in Sharks zone.
9:02 of 1st period - Icing by Justin Falk.
9:03 of 1st period - Dainius Zubrus wins face-off versus Rich Peverley in Sharks zone.
9:06 of 1st period - Shot by Brooks Laich.
9:06 of 1st period - Stopped by Jonas Hiller without a rebound.
9:07 of 1st period - Travis Zajac wins face-off versus Kyle Turris in Sharks zone.
9:22 of 1st period - Shot by Mikkel Boedker.
9:22 of 1st period - Shot Hit the Post.
9:24 of 1st period - Shot by Mats Zuccarello.
9:24 of 1st period - Stopped by Jonas Hiller with a rebound.
9:26 of 1st period - Shot by Travis Zajac.
9:26 of 1st period - Stopped by Jonas Hiller without a rebound.
9:27 of 1st period - Tyler Bozak wins face-off versus Dainius Zubrus in Sharks zone.
9:27 of 1st period - Tyler Bozak is hit by Charlie Coyle.
9:49 of 1st period - Shot by Martin Havlat.
9:49 of 1st period - Deflect By Tyler Bozak.
9:49 of 1st period - Stopped by Ben Scrivens without a rebound.
9:50 of 1st period - Kyle Turris wins face-off versus Travis Zajac in Oilers zone.
9:55 of 1st period - Shot by Kyle Turris.
9:55 of 1st period - Stopped by Ben Scrivens without a rebound.
9:56 of 1st period - Travis Zajac wins face-off versus Kyle Turris in Oilers zone.
10:01 of 1st period - Jordan Leopold is hit by Mikkel Boedker.
10:35 of 1st period - Shot by Travis Zajac.
10:35 of 1st period - Shot Blocked by Michael Kostka.
10:37 of 1st period - Shot by Brian Campbell.
10:37 of 1st period - Stopped by Jonas Hiller without a rebound.
10:38 of 1st period - Tyler Bozak wins face-off versus Dainius Zubrus in Sharks zone.
10:38 of 1st period - Tyler Bozak is hit by Charlie Coyle.
11:58 of 1st period - Shot by Nikita Kucherov.
11:58 of 1st period - Shot Misses the Net.
12:00 of 1st period - Shot by Marc Methot.
12:00 of 1st period - Deflect By Nikita Kucherov.
12:00 of 1st period - Shot Misses the Net.
12:22 of 1st period - Shot by Travis Zajac.
12:22 of 1st period - Shot Misses the Net.
12:24 of 1st period - Shot by Colin McDonald.
12:24 of 1st period - Deflect By Travis Zajac.
12:24 of 1st period - Shot Misses the Net.
12:33 of 1st period - Icing by Rich Peverley.
12:34 of 1st period - Rob Klinkhammer wins face-off versus Aleksander Barkov in Sharks zone.
12:44 of 1st period - Icing by Martin Marincin.
12:45 of 1st period - Kyle Turris wins face-off versus Aleksander Barkov in Oilers zone.
12:52 of 1st period - Shot by Kyle Turris.
12:52 of 1st period - Shot Misses the Net.
13:00 of 1st period - Shot by Aleksander Barkov.
13:00 of 1st period - Shot Misses the Net.
13:02 of 1st period - Shot by Aleksander Barkov.
13:02 of 1st period - Deflect By Nikolai Kulemin.
13:02 of 1st period - Shot Misses the Net.
13:04 of 1st period - Shot by Martin Marincin.
13:04 of 1st period - Stopped by Jonas Hiller with a rebound.
13:06 of 1st period - Shot by Aleksander Barkov.
13:06 of 1st period - Shot Blocked by Michael Kostka.
13:10 of 1st period - Shot by Aleksander Barkov.
13:10 of 1st period - Shot Blocked by Kyle Turris.
13:12 of 1st period - Shot by Olli Maatta.
13:12 of 1st period - Stopped by Jonas Hiller without a rebound.
13:13 of 1st period - Martin Havlat wins face-off versus Travis Zajac in Sharks zone.
13:23 of 1st period - Marc Methot is hit by Andrew Shaw and loses puck.
14:41 of 1st period - Shot by Kyle Turris.
14:41 of 1st period - Shot Misses the Net.
14:43 of 1st period - Shot by Matt Beleskey.
14:43 of 1st period - Stopped by Ben Scrivens without a rebound.
14:44 of 1st period - Rich Peverley wins face-off versus Aleksander Barkov in Oilers zone.
15:39 of 1st period - Shot by Kyle Turris.
15:39 of 1st period - Shot Misses the Net.
15:41 of 1st period - Shot by Matt Beleskey.
15:41 of 1st period - Stopped by Ben Scrivens without a rebound.
15:42 of 1st period - Travis Zajac wins face-off versus Andrew Shaw in Oilers zone.
17:47 of 1st period - Icing by Kyle Turris.
17:48 of 1st period - Nikita Kucherov wins face-off versus Kyle Turris in Sharks zone.
18:12 of 1st period - Icing by Michael Kostka.
18:13 of 1st period - Aleksander Barkov wins face-off versus Kyle Turris in Sharks zone.
18:14 of 1st period - Shot by Olli Maatta.
18:14 of 1st period - Shot Misses the Net.
18:16 of 1st period - Shot by Olli Maatta.
18:16 of 1st period - Deflect By Aleksander Barkov.
18:16 of 1st period - Stopped by Jonas Hiller without a rebound.
18:17 of 1st period - Aleksander Barkov wins face-off versus Rich Peverley in Sharks zone.
18:24 of 1st period - Shot by Aleksander Barkov.
18:24 of 1st period - Shot Misses the Net.
18:53 of 1st period - Shot by Aleksander Barkov.
18:53 of 1st period - Stopped by Jonas Hiller with a rebound.
18:55 of 1st period - Shot by Nikolai Kulemin.
18:55 of 1st period - Stopped by Jonas Hiller without a rebound.
18:56 of 1st period - Tyler Bozak wins face-off versus Travis Zajac in Sharks zone.
19:03 of 1st period - Shot by Tyler Bozak.
19:03 of 1st period - Shot Blocked by Brian Campbell.
19:27 of 1st period - Shot by Andrew Shaw.
19:27 of 1st period - Deflect By Tyler Bozak.
19:27 of 1st period - Shot Misses the Net.
19:29 of 1st period - Shot by Tyler Bozak.
19:29 of 1st period - Shot Misses the Net.
Goals for this period are 1 for Oilers vs 1 for Sharks.
Shots for this period are 18 for Oilers vs 9 for Sharks.

2nd period


0:01 of 2nd period - Tyler Bozak wins face-off versus Dainius Zubrus in neutral zone.
0:01 of 2nd period - Tyler Bozak is hit by Charlie Coyle.
0:39 of 2nd period - Shot by Brian Campbell.
0:39 of 2nd period - Shot Blocked by Michael Kostka.
0:41 of 2nd period - Shot by Brian Campbell.
0:41 of 2nd period - Shot Misses the Net.
1:05 of 2nd period - Shot by Mikkel Boedker.
1:05 of 2nd period - Stopped by Jonas Hiller without a rebound.
1:06 of 2nd period - Jannik Hansen wins face-off versus Aleksander Barkov in Sharks zone.
1:06 of 2nd period - Jannik Hansen is hit by Nikolai Kulemin.
1:11 of 2nd period - Minor Penalty to Martin Marincin for Tripping.
1:12 of 2nd period - Travis Zajac wins face-off versus Andrew Shaw in Oilers zone.
2:09 of 2nd period - Shot by Kyle Turris.
2:09 of 2nd period - Stopped by Ben Scrivens without a rebound.
2:10 of 2nd period - Mats Zuccarello wins face-off versus Tyler Bozak in Oilers zone.
3:02 of 2nd period - Shot by Michael Kostka.
3:02 of 2nd period - Shot Misses the Net.
3:25 of 2nd period - Shot by Martin Marincin.
3:25 of 2nd period - Stopped by Jonas Hiller without a rebound.
3:26 of 2nd period - Rich Peverley wins face-off versus Aleksander Barkov in Sharks zone.
3:30 of 2nd period - Rob Klinkhammer is hit by Drew Miller.
3:59 of 2nd period - Icing by Chris Butler.
4:00 of 2nd period - Dainius Zubrus wins face-off versus Rich Peverley in Sharks zone.
4:01 of 2nd period - Shot by Charlie Coyle.
4:01 of 2nd period - Stopped by Jonas Hiller without a rebound.
4:02 of 2nd period - Dainius Zubrus wins face-off versus Tyler Bozak in Sharks zone.
4:15 of 2nd period - Shot by Tyler Bozak.
4:15 of 2nd period - Shot Misses the Net.
4:17 of 2nd period - Shot by Martin Havlat.
4:17 of 2nd period - Stopped by Ben Scrivens without a rebound.
4:18 of 2nd period - Travis Zajac wins face-off versus Kyle Turris in Oilers zone.
4:55 of 2nd period - Travis Zajac is hit by Matt Beleskey and loses puck.
5:17 of 2nd period - Icing by Tyler Bozak.
5:18 of 2nd period - Tyler Bozak wins face-off versus Dainius Zubrus in Sharks zone.
5:35 of 2nd period - Shot by Tyler Bozak.
5:35 of 2nd period - Shot Misses the Net.
5:37 of 2nd period - Shot by Matt Niskanen.
5:37 of 2nd period - Shot Misses the Net.
5:39 of 2nd period - Shot by Martin Havlat.
5:39 of 2nd period - Stopped by Ben Scrivens with a rebound.
5:59 of 2nd period - Shot by Tyler Bozak.
5:59 of 2nd period - Stopped by Ben Scrivens without a rebound.
6:00 of 2nd period - Drew Stafford wins face-off versus Aleksander Barkov in Oilers zone.
6:05 of 2nd period - Shot by Kyle Quincey.
6:05 of 2nd period - Shot Misses the Net.
6:27 of 2nd period - Shot by Jake Muzzin.
6:27 of 2nd period - Stopped by Jonas Hiller with a rebound.
7:03 of 2nd period - Shot by Mats Zuccarello.
7:03 of 2nd period - Stopped by Jonas Hiller without a rebound.
7:04 of 2nd period - Kyle Turris wins face-off versus Dainius Zubrus in Sharks zone.
7:35 of 2nd period - Shot by Marc Methot.
7:35 of 2nd period - Shot Misses the Net.
8:29 of 2nd period - Shot by Andrew Shaw.
8:29 of 2nd period - Stopped by Ben Scrivens with a rebound.
8:31 of 2nd period - Shot by Viktor Stalberg.
8:31 of 2nd period - Shot Misses the Net.
8:33 of 2nd period - Shot by Jordan Leopold.
8:33 of 2nd period - Stopped by Ben Scrivens with a rebound.
8:35 of 2nd period - Shot by Andrew Shaw.
8:35 of 2nd period - Stopped by Ben Scrivens without a rebound.
8:36 of 2nd period - Drew Miller wins face-off versus Rich Peverley in Oilers zone.
8:40 of 2nd period - Off-side.
8:41 of 2nd period - Travis Zajac wins face-off versus Rob Klinkhammer in neutral zone.
8:43 of 2nd period - Mats Zuccarello is hit by Kyle Quincey and loses puck.
8:52 of 2nd period - Shot by Mikkel Boedker.
8:52 of 2nd period - Stopped by Jonas Hiller without a rebound.
8:53 of 2nd period - Tyler Bozak wins face-off versus Travis Zajac in Sharks zone.
9:17 of 2nd period - Martin Marincin is hit by Vyacheslav Voynov and loses puck.
9:31 of 2nd period - Icing by Nikita Kucherov.
9:32 of 2nd period - Travis Zajac wins face-off versus Kyle Turris in Oilers zone.
10:13 of 2nd period - Shot by Charlie Coyle.
10:13 of 2nd period - Shot Misses the Net.
10:15 of 2nd period - Shot by Dennis Wideman.
10:15 of 2nd period - Shot Misses the Net.
10:20 of 2nd period - Icing by Jordan Leopold.
10:21 of 2nd period - Kyle Turris wins face-off versus Aleksander Barkov in Sharks zone.
10:50 of 2nd period - Nikolai Kulemin is hit by Andrew Shaw and loses puck.
10:57 of 2nd period - Shot by Tyler Bozak.
10:57 of 2nd period - Stopped by Ben Scrivens without a rebound.
10:58 of 2nd period - Dainius Zubrus wins face-off versus Rich Peverley in Oilers zone.
11:26 of 2nd period - Shot by Drew Stafford.
11:26 of 2nd period - Shot Misses the Net.
11:28 of 2nd period - Shot by Kyle Quincey.
11:28 of 2nd period - Stopped by Ben Scrivens without a rebound.
11:29 of 2nd period - Andrew Shaw wins face-off versus Travis Zajac in Oilers zone.
12:04 of 2nd period - Shot by Mikkel Boedker.
12:04 of 2nd period - Shot Blocked by Vyacheslav Voynov.
12:37 of 2nd period - Shot by Dennis Wideman.
12:37 of 2nd period - Goal by Dennis Wideman - Oilers : 2 - Sharks : 1.
12:38 of 2nd period - Kyle Turris wins face-off versus Nikolai Kulemin in neutral zone.
12:41 of 2nd period - Olli Maatta is hit by Matt Beleskey and loses puck.
13:02 of 2nd period - Shot by Matt Beleskey.
13:02 of 2nd period - Shot Misses the Net.
13:21 of 2nd period - Minor Penalty to Michael Kostka for Roughing.
13:22 of 2nd period - Dainius Zubrus wins face-off versus Jannik Hansen in Sharks zone.
13:31 of 2nd period - Shot by Dennis Wideman.
13:31 of 2nd period - Deflect By Dainius Zubrus.
13:31 of 2nd period - Shot Blocked by Kyle Quincey.
13:33 of 2nd period - Shot by Dainius Zubrus.
13:33 of 2nd period - Shot Misses the Net.
13:35 of 2nd period - Shot by Jake Muzzin.
13:35 of 2nd period - Stopped by Jonas Hiller without a rebound.
13:36 of 2nd period - Travis Zajac wins face-off versus Tyler Bozak in Sharks zone.
13:57 of 2nd period - Shot by Mats Zuccarello.
13:57 of 2nd period - Stopped by Jonas Hiller without a rebound.
13:58 of 2nd period - Jannik Hansen wins face-off versus Dainius Zubrus in Sharks zone.
14:06 of 2nd period - Icing by Dennis Wideman.
14:07 of 2nd period - Jannik Hansen wins face-off versus Dainius Zubrus in Oilers zone.
14:14 of 2nd period - Shot by Tyler Bozak.
14:14 of 2nd period - Stopped by Ben Scrivens without a rebound.
14:15 of 2nd period - Jannik Hansen wins face-off versus Dainius Zubrus in Oilers zone.
14:20 of 2nd period - Shot by Tyler Bozak.
14:20 of 2nd period - Deflect By Jannik Hansen.
14:20 of 2nd period - Shot Misses the Net.
14:41 of 2nd period - Shot by Dainius Zubrus.
14:41 of 2nd period - Stopped by Jonas Hiller with a rebound.
15:05 of 2nd period - Matt Niskanen is hit by Brooks Laich and loses puck.
15:50 of 2nd period - Shot by Viktor Stalberg.
15:50 of 2nd period - Deflect By Andrew Shaw.
15:50 of 2nd period - Shot Misses the Net.
16:02 of 2nd period - Shot by Andrew Shaw.
16:02 of 2nd period - Stopped by Ben Scrivens with a rebound.
16:41 of 2nd period - Shot by Drew Stafford.
16:41 of 2nd period - Shot Misses the Net.
17:41 of 2nd period - Martin Havlat is hit by Nikolai Kulemin and loses puck.
18:43 of 2nd period - Shot by Drew Stafford.
18:43 of 2nd period - Stopped by Ben Scrivens without a rebound.
18:44 of 2nd period - Travis Zajac wins face-off versus Kyle Turris in Oilers zone.
19:16 of 2nd period - Shot by Matt Beleskey.
19:16 of 2nd period - Deflect By Kyle Turris.
19:16 of 2nd period - Stopped by Ben Scrivens with a rebound.
19:18 of 2nd period - Shot by Chris Butler.
19:18 of 2nd period - Stopped by Ben Scrivens with a rebound.
19:19 of 2nd period - Minor Penalty to Marc Methot for Holding.
19:20 of 2nd period - Tyler Bozak wins face-off versus Travis Zajac in Oilers zone.
19:37 of 2nd period - Shot by Vyacheslav Voynov.
19:37 of 2nd period - Stopped by Ben Scrivens without a rebound.
19:38 of 2nd period - Andrew Shaw wins face-off versus Travis Zajac in Oilers zone.
19:45 of 2nd period - Shot by Michael Kostka.
19:45 of 2nd period - Stopped by Ben Scrivens without a rebound.
19:46 of 2nd period - Andrew Shaw wins face-off versus Travis Zajac in Oilers zone.
19:47 of 2nd period - Shot by Matt Niskanen.
19:47 of 2nd period - Goal by Matt Niskanen - Oilers : 2 - Sharks : 2.
19:48 of 2nd period - Tyler Bozak wins face-off versus Dainius Zubrus in neutral zone.
Goals for this period are 1 for Oilers vs 1 for Sharks.
Shots for this period are 10 for Oilers vs 17 for Sharks.

3rd period


0:01 of 3rd period - Travis Zajac wins face-off versus Tyler Bozak in neutral zone.
0:06 of 3rd period - Shot by Mats Zuccarello.
0:06 of 3rd period - Shot Blocked by Martin Havlat.
0:08 of 3rd period - Shot by Travis Zajac.
0:08 of 3rd period - Stopped by Jonas Hiller with a rebound.
0:16 of 3rd period - Shot by Mats Zuccarello.
0:16 of 3rd period - Shot Misses the Net.
0:25 of 3rd period - Mats Zuccarello is hit by Vyacheslav Voynov and loses puck.
0:30 of 3rd period - Shot by Mikkel Boedker.
0:30 of 3rd period - Stopped by Jonas Hiller without a rebound.
0:31 of 3rd period - Kyle Turris wins face-off versus Dainius Zubrus in Sharks zone.
0:50 of 3rd period - Kyle Turris is hit by Brooks Laich and loses puck.
1:05 of 3rd period - Shot by Michael Kostka.
1:05 of 3rd period - Stopped by Ben Scrivens without a rebound.
1:06 of 3rd period - Tyler Bozak wins face-off versus Travis Zajac in Oilers zone.
1:06 of 3rd period - Matt Niskanen is hit by Marc Methot and loses puck.
1:31 of 3rd period - Shot by Mats Zuccarello.
1:31 of 3rd period - Shot Blocked by Vyacheslav Voynov.
1:33 of 3rd period - Shot by Mikkel Boedker.
1:33 of 3rd period - Stopped by Jonas Hiller without a rebound.
1:34 of 3rd period - Rich Peverley wins face-off versus Aleksander Barkov in Sharks zone.
1:34 of 3rd period - Rich Peverley is hit by Nikolai Kulemin.
2:08 of 3rd period - Rich Peverley is hit by Jake Muzzin and loses puck.
2:24 of 3rd period - Icing by Kyle Quincey.
2:25 of 3rd period - Rich Peverley wins face-off versus Travis Zajac in Sharks zone.
2:25 of 3rd period - Rich Peverley is hit by Mats Zuccarello.
2:43 of 3rd period - Shot by Tyler Bozak.
2:43 of 3rd period - Shot Misses the Net.
2:58 of 3rd period - Martin Havlat is hit by Marc Methot and loses puck.
3:02 of 3rd period - Andrew Shaw is hit by Marc Methot and loses puck.
3:25 of 3rd period - Matt Niskanen is hit by Charlie Coyle and loses puck.
3:33 of 3rd period - Minor Penalty to Charlie Coyle for Boarding.
3:34 of 3rd period - Kyle Turris wins face-off versus Travis Zajac in Oilers zone.
3:51 of 3rd period - Shot by Michael Kostka.
3:51 of 3rd period - Stopped by Ben Scrivens without a rebound.
3:52 of 3rd period - Tyler Bozak wins face-off versus Brooks Laich in Oilers zone.
5:07 of 3rd period - Shot by Andrew Shaw.
5:07 of 3rd period - Shot Blocked by Brian Campbell.
6:29 of 3rd period - Shot by Aleksander Barkov.
6:29 of 3rd period - Stopped by Jonas Hiller without a rebound.
6:30 of 3rd period - Andrew Shaw wins face-off versus Travis Zajac in Sharks zone.
6:35 of 3rd period - Shot by Martin Havlat.
6:35 of 3rd period - Shot Misses the Net.
6:37 of 3rd period - Shot by Martin Havlat.
6:37 of 3rd period - Shot Misses the Net.
7:31 of 3rd period - Shot by Kyle Turris.
7:31 of 3rd period - Deflect By Jannik Hansen.
7:31 of 3rd period - Shot Blocked by Brian Campbell.
7:33 of 3rd period - Shot by Vyacheslav Voynov.
7:33 of 3rd period - Stopped by Ben Scrivens without a rebound.
7:34 of 3rd period - Rich Peverley wins face-off versus Aleksander Barkov in Oilers zone.
7:39 of 3rd period - Shot by Rich Peverley.
7:39 of 3rd period - Shot Misses the Net.
7:41 of 3rd period - Shot by Rich Peverley.
7:41 of 3rd period - Stopped by Ben Scrivens without a rebound.
7:42 of 3rd period - Kyle Turris wins face-off versus Aleksander Barkov in Oilers zone.
8:57 of 3rd period - Shot by Dainius Zubrus.
8:57 of 3rd period - Shot Blocked by Jordan Leopold.
9:20 of 3rd period - Icing by Jordan Leopold.
9:21 of 3rd period - Travis Zajac wins face-off versus Rich Peverley in Sharks zone.
9:50 of 3rd period - Shot by Travis Zajac.
9:50 of 3rd period - Deflect By Mikkel Boedker.
9:50 of 3rd period - Stopped by Jonas Hiller with a rebound.
10:24 of 3rd period - Shot by Andrew Shaw.
10:24 of 3rd period - Shot Misses the Net.
11:06 of 3rd period - Shot by Matt Beleskey.
11:06 of 3rd period - Stopped by Ben Scrivens without a rebound.
11:07 of 3rd period - Dainius Zubrus wins face-off versus Kyle Turris in Oilers zone.
11:16 of 3rd period - Shot by Charlie Coyle.
11:16 of 3rd period - Shot Blocked by Chris Butler.
11:18 of 3rd period - Shot by Dennis Wideman.
11:18 of 3rd period - Stopped by Jonas Hiller without a rebound.
11:19 of 3rd period - Kyle Turris wins face-off versus Aleksander Barkov in Sharks zone.
12:18 of 3rd period - Matt Niskanen is hit by Martin Marincin and loses puck.
12:21 of 3rd period - Shot by Martin Havlat.
12:21 of 3rd period - Stopped by Ben Scrivens without a rebound.
12:22 of 3rd period - Rich Peverley wins face-off versus Dainius Zubrus in Oilers zone.
12:22 of 3rd period - Michael Kostka is hit by Martin Marincin and loses puck.
13:06 of 3rd period - Shot by Dainius Zubrus.
13:06 of 3rd period - Stopped by Jonas Hiller without a rebound.
13:07 of 3rd period - Tyler Bozak wins face-off versus Travis Zajac in Sharks zone.
13:24 of 3rd period - Shot by Tyler Bozak.
13:24 of 3rd period - Shot Misses the Net.
13:26 of 3rd period - Shot by Tyler Bozak.
13:26 of 3rd period - Shot Misses the Net.
13:28 of 3rd period - Shot by Vyacheslav Voynov.
13:28 of 3rd period - Shot Blocked by Brian Campbell.
13:30 of 3rd period - Shot by Tyler Bozak.
13:30 of 3rd period - Stopped by Ben Scrivens without a rebound.
13:31 of 3rd period - Kyle Turris wins face-off versus Aleksander Barkov in Oilers zone.
13:42 of 3rd period - Shot by Kyle Turris.
13:42 of 3rd period - Deflect By Jannik Hansen.
13:42 of 3rd period - Shot Misses the Net.
13:52 of 3rd period - Shot by Kyle Turris.
13:52 of 3rd period - Shot Misses the Net.
13:54 of 3rd period - Shot by Kyle Quincey.
13:54 of 3rd period - Goal by Kyle Quincey - Oilers : 2 - Sharks : 3.
13:55 of 3rd period - Tyler Bozak wins face-off versus Travis Zajac in neutral zone.
13:57 of 3rd period - Matt Niskanen is hit by Mikkel Boedker and loses puck.
14:31 of 3rd period - Minor Penalty to Matt Niskanen for Holding.
14:32 of 3rd period - Dainius Zubrus wins face-off versus Jannik Hansen in Sharks zone.
14:54 of 3rd period - Off-side.
14:55 of 3rd period - Jannik Hansen wins face-off versus Travis Zajac in neutral zone.
15:00 of 3rd period - Icing by Mats Zuccarello.
15:01 of 3rd period - Jannik Hansen wins face-off versus Travis Zajac in Oilers zone.
15:12 of 3rd period - Shot by Mats Zuccarello.
15:12 of 3rd period - Stopped by Jonas Hiller without a rebound.
15:13 of 3rd period - Dainius Zubrus wins face-off versus Jannik Hansen in Sharks zone.
15:14 of 3rd period - Shot by Charlie Coyle.
15:14 of 3rd period - Shot Misses the Net.
15:26 of 3rd period - Shot by Dainius Zubrus.
15:26 of 3rd period - Shot Misses the Net.
15:44 of 3rd period - Shot by Charlie Coyle.
15:44 of 3rd period - Shot Misses the Net.
15:46 of 3rd period - Shot by Marc Methot.
15:46 of 3rd period - Deflect By Charlie Coyle.
15:46 of 3rd period - Shot Blocked by Justin Falk.
15:48 of 3rd period - Shot by Marc Methot.
15:48 of 3rd period - Stopped by Jonas Hiller without a rebound.
15:49 of 3rd period - Travis Zajac wins face-off versus Rich Peverley in Sharks zone.
15:58 of 3rd period - Shot by Jake Muzzin.
15:58 of 3rd period - Stopped by Jonas Hiller without a rebound.
15:59 of 3rd period - Rich Peverley wins face-off versus Travis Zajac in Sharks zone.
15:59 of 3rd period - Rich Peverley is hit by Mikkel Boedker.
16:17 of 3rd period - Shot by Dennis Wideman.
16:17 of 3rd period - Shot Misses the Net.
16:29 of 3rd period - Shot by Mats Zuccarello.
16:29 of 3rd period - Deflect By Travis Zajac.
16:29 of 3rd period - Stopped by Jonas Hiller without a rebound.
16:30 of 3rd period - Rich Peverley wins face-off versus Dainius Zubrus in Sharks zone.
17:08 of 3rd period - Minor Penalty to Marc Methot for Hooking.
17:09 of 3rd period - Andrew Shaw wins face-off versus Travis Zajac in Oilers zone.
17:38 of 3rd period - Shot by Drew Stafford.
17:38 of 3rd period - Deflect By Andrew Shaw.
17:38 of 3rd period - Stopped by Ben Scrivens with a rebound.
17:40 of 3rd period - Shot by Drew Stafford.
17:40 of 3rd period - Stopped by Ben Scrivens without a rebound.
17:41 of 3rd period - Travis Zajac wins face-off versus Tyler Bozak in Oilers zone.
17:41 of 3rd period - Mats Zuccarello is hit by Tyler Bozak and loses puck.
18:02 of 3rd period - Shot by Matt Niskanen.
18:02 of 3rd period - Stopped by Ben Scrivens with a rebound.
18:04 of 3rd period - Shot by Vyacheslav Voynov.
18:04 of 3rd period - Shot Misses the Net.
18:06 of 3rd period - Shot by Vyacheslav Voynov.
18:06 of 3rd period - Shot Misses the Net.
18:08 of 3rd period - Shot by Vyacheslav Voynov.
18:08 of 3rd period - Shot Misses the Net.
18:10 of 3rd period - Shot by Tyler Bozak.
18:10 of 3rd period - Stopped by Ben Scrivens without a rebound.
18:11 of 3rd period - Andrew Shaw wins face-off versus Brooks Laich in Oilers zone.
19:10 of 3rd period - Brian Campbell is hit by Matt Beleskey and loses puck.
19:21 of 3rd period - Shot by Kyle Turris.
19:21 of 3rd period - Stopped by Ben Scrivens without a rebound.
19:22 of 3rd period - Kyle Turris wins face-off versus Travis Zajac in Oilers zone.
19:40 of 3rd period - Mikkel Boedker is hit by Vyacheslav Voynov and loses puck.
19:43 of 3rd period - Oilers, Ben Scrivens is pulled from the net.
Goals for this period are 0 for Oilers vs 1 for Sharks.
Shots for this period are 11 for Oilers vs 13 for Sharks.


Output by the SimonT Hockey Simulator (STHS) for Stephane Roy -- Original Page W3C XHTML 1.0 Valid
Hockey Simulator - Hockey Simulation - Hockey Manager